 Dungeon Crawl Stone Soup version 0.29.1-15-g9cfb28693d (webtiles) character file.

Game seed: 17550922508975856904

6071 hawla the Thaumaturge (level 11, -3/79 HPs)
             Began as a Meteoran Fire Elementalist on Mar 5, 2023.
             Was a Follower of Vehumet.
             Killed from afar by an ice statue (13 damage)
             ... with a freezing blast
             ... on level 9 of the Dungeon.
             The game lasted 00:23:18 (4176 turns).

hawla the Thaumaturge (Meteoran Fire Elementalist)  Turns: 4176, Time: 00:23:19

Health: -3/79      AC:  4    Str:  9    XL:     11   Next: 33%
Magic:  5/28       EV: 15    Int: 22    God:    Vehumet [*.....]
Gold:   561        SH:  5    Dex: 21    Spells: 23/34 levels left

rFire   . . .      SeeInvis .   i - +0 long sword
rCold   . . .      Faith    .   (no shield)
rNeg    . . .      Spirit   .   a - +0 robe
rPois   .          Reflect  +   (no helmet)
rElec   .          Harm     .   (no cloak)
rCorr   .          Rampage  .   m - +1 pair of gloves
Will    +....                   (no boots)
Stlth   +.........              b - amulet of reflection
HPRegen 0.23/turn               e - +6 ring of dexterity
MPRegen 0.21/turn               (no ring)

@: very slightly contaminated, glowing
A: sense surroundings 2, otherworldly, glowing, explore regen
a: Renounce Religion


You were on level 9 of the Dungeon.
You worshipped Vehumet.
Vehumet was aware of your devotion.
You visited 2 branches of the dungeon, and saw 10 of its levels.

You collected 561 gold pieces.

Inventory:

Hand Weapons
 i - a +0 long sword (weapon)
Armour
 a - a +0 robe (worn)
 m - a +1 pair of gloves (worn)
Jewellery
 b - an amulet of reflection (around neck)
 d - a ring of ice
 e - a +6 ring of dexterity (left hand)
Wands
 c - a wand of digging (8)
 n - a wand of flame (70) (quivered)
 p - a wand of acid (9)
 v - a wand of charming (17)
Scrolls
 f - 2 scrolls of amnesia
 q - a scroll of identify {unknown}
 s - 2 scrolls of teleportation
 w - a scroll of enchant weapon {unknown}
Potions
 g - a potion of lignification {unknown}
 h - 2 potions of mutation {unknown}
 j - 2 potions of might {unknown}
 k - 2 potions of degeneration {unknown}
 l - 4 potions of curing {unknown}
 o - a potion of haste {unknown}
 r - a potion of brilliance {unknown}
 t - a potion of attraction {unknown}


   Skills:
 + Level 2.1 Fighting
 + Level 4.7 Dodging
 - Level 1.4 Stealth
 + Level 12.0 Spellcasting
 + Level 7.7 Conjurations
 + Level 10.2 Fire Magic
 + Level 6.7 Poison Magic
 + Level 3.0 Evocations


You had 23 spell levels left.
You knew the following spells:

 Your Spells              Type           Power      Damage    Failure   Level
a - Foxfire               Conj/Fire      100%       2x1d9     1%          1
b - Scorch                Fire           100%       2d10      1%          2
c - Flame Wave            Conj/Fire      51%        2d13      1%          4
d - Olgreb's Toxic Radia  Pois           42%        N/A       3%          4

Your spell library contained the following spells:

 Spells                   Type           Power      Damage    Failure   Level
 Magic Dart               Conj           100%       1d8       1%          1
 Conjure Flame            Conj/Fire      51%        6-21      1%          3
 Inner Flame              Hex/Fire       35%        N/A       1%          3
 Apportation              Tloc           26%        N/A       4%          1
 Alistair's Intoxication  Tmut/Pois      18%        N/A       34%         5
 Ignition                 Fire           27%        3d9       99%         8
 Ozocubu's Refrigeration  Ice            6%         4d8       100%        7


Dungeon Overview and Level Annotations

Branches:
Dungeon (9/15) Zot: 1438   Temple (1/1) D:6 Zot: 380
   Lair: D:8-11         Orc: D:9-12

Altars:
Ashenzari
Cheibriados
Dithmenos
Elyvilon
Fedhas
Gozag
Hepliaklqana
Kikubaaqudgha
Makhleb
Nemelex Xobeh
Okawaru
Qazlal
Ru
Sif Muna
Trog
Vehumet
Xom
Yredelemnul
Zin
The Shining One

Shops:
D:5 (

Annotations:
D:9 1 transporter, exclusion: ice statue, croobank's ghost, novice OpDe


Innate Abilities, Weirdness & Mutations

You passively map the area around you.
You are easily found by Zot.
You glow in the dark.
You regain HP and MP as you explore.


Message History

* * * LOW HITPOINT WARNING * * *
A wave of flame ripples out!
The flame wave engulfs the centaur warrior!
You kill the centaur warrior!
Vehumet accepts your kill.
The flame wave engulfs the centaur warrior!
The centaur warrior is heavily wounded.
Vehumet accepts your kill.
You feel your power returning.
You feel a bit more experienced.
The flame wave engulfs the ice beast!!
The ice beast melts!
You kill the ice beast!
The ice beast disappears in a puff of smoke!
You feel sick.
You are no longer poisoned.
The centaur warrior unwields a +0 shortbow.
You block the centaur warrior's attack. The centaur warrior barely misses you.
The ice statue gestures.
Your life force feels restored.
Your Spellcasting skill increases to level 12!
Your Fire Magic skill increases to level 10!
A wave of flame ripples out!
The flame wave engulfs the centaur warrior!
The centaur warrior is almost dead.
You finish channelling waves of flame.
The centaur warrior hits you but does no damage.
You block the centaur warrior's attack.
The centaur warrior completely misses you.
The centaur warrior kicks you.
* * * LOW HITPOINT WARNING * * *
Casting: Flame Wave (dangerous; 1% risk of failure)
Confirm with . or Enter, or press ? or * to list all spells.
Flames lash the centaur warrior.
The centaur warrior is almost dead.
The centaur warrior's fire resistance burns away.
The centaur warrior hits you.
* * * LOW HITPOINT WARNING * * *
The centaur warrior completely misses you.
The ice statue gestures at you. The freezing blast engulfs you!
You die...

####....#.#.$##J
.##..#K#..#
###..#©#..#|...(#~.#.#..#
#..#.#.$##...##.W#.#..#
#..##..~.##J.#.~..##..#
#...##..#§###.#~.##..##
#....##8~§$..§.8##..##
#).##..##§..!§.§##..##
#..####..##$###K##..##
*#..# ##..##)@c##..## *
** #..# #...#####..## *,
..# #.....©...## ,, .#
#..#.....## #...###.### ,
* *....## #.# * , ,
.##### *#.. , , ,,, #
.... , , , , ..... , , ,


You could see an ice statue, a slime creature, a centaur warrior (combustible)
and a kobold brigand.

Vanquished Creatures
  A centaur warrior (D:9)
  A two-headed ogre (D:9)
  Pikel (D:4)
  A wraith (D:9)
  A steam dragon (D:7)
  7 yaks (D:8)
  A water moccasin (D:5)
  4 orc warriors
  4 ice beasts
  2 sky beasts (D:7)
  2 black bears
  3 centaurs
  A phantom (D:5)
  3 lemures (D:4)
  A kobold brigand (D:7)
  3 necrophages
  4 scorpions
  4 wights (D:9)
  7 killer bees (D:8)
  A crimson imp (D:8)
  A jelly (D:6)
  5 hounds
  An orc priest (D:7)
  A gnoll bouda (D:7)
  2 iguanas (D:6)
  3 orc wizards (D:7)
  8 gnolls
  4 adders
  A shadow imp (D:6)
  4 white imps
  2 ufetubi
  20 orcs
  2 endoplasms
  A giant cockroach (D:4)
  5 goblins (D:4)
  6 hobgoblins
  3 jackals (D:4)
  3 quokkas
  2 ball pythons
  10 kobolds
  2 rats (D:1)
138 creatures vanquished.

Vanquished Creatures (collateral kills)
  2 foxfires (D:6)
2 creatures vanquished.

Vanquished Creatures (others)
  A killer bee (D:8)
  222 foxfires
223 creatures vanquished.

Grand Total: 363 creatures vanquished

Notes
Turn   | Place    | Note
-------+----------+-------------------------------------------
     0 | D:1      | hawla the Meteoran Fire Elementalist began the quest for
                  | the Orb.
     0 | D:1      | Reached XP level 1. HP: 14/14 MP: 5/5
    32 | D:1      | Found a faded altar of an unknown god.
    60 | D:1      | Reached skill level 3 in Spellcasting
   124 | D:1      | Reached XP level 2. HP: 20/20 MP: 1/7
   134 | D:1      | Learned a level 2 spell: Scorch
   269 | D:2      | Reached XP level 3. HP: 19/26 MP: 5/8
   467 | D:4      | Reached XP level 4. HP: 33/33 MP: 6/10
   507 | D:4      | Reached skill level 5 in Fire Magic
   515 | D:4      | Noticed a scorpion
   519 | D:4      | Killed a scorpion
   520 | D:4      | Reached skill level 4 in Spellcasting
   520 | D:4      | Reached XP level 5. HP: 37/38 MP: 1/12
   772 | D:4      | Reached XP level 6. HP: 46/46 MP: 9/14
   777 | D:4      | Learned a level 4 spell: Flame Wave
   782 | D:4      | Noticed Pikel
   822 | D:4      | Killed Pikel
   823 | D:4      | Reached skill level 5 in Conjurations
   823 | D:4      | Reached skill level 1 in Fighting
   823 | D:4      | Reached skill level 5 in Spellcasting
   823 | D:4      | Reached XP level 7. HP: 6/52 MP: 0/16
   823 | D:4      | Reached XP level 8. HP: 7/59 MP: 0/17
   906 | D:4      | Reached skill level 1 in Evocations
   983 | D:4      | Found an iron altar of Okawaru.
  1065 | D:5      | Entered Level 5 of the Dungeon
  1136 | D:5      | Found Torem's Weapon Boutique.
  1181 | D:5      | Reached skill level 6 in Spellcasting
  1317 | D:5      | Gained mutation: You passively map the area around you.
                  | [Meteoran growth]
  1317 | D:5      | Reached XP level 9. HP: 64/64 MP: 13/20
  1436 | D:6      | Reached skill level 7 in Spellcasting
  1749 | D:6      | Reached skill level 8 in Spellcasting
  1784 | D:6      | Learned a level 4 spell: Olgreb's Toxic Radiance
  1828 | D:6      | Reached skill level 1 in Poison Magic
  2137 | D:6      | Found a staircase to the Ecumenical Temple.
  2147 | Temple   | Entered the Ecumenical Temple
  2342 | Temple   | Became a worshipper of Vehumet
  2659 | D:7      | Reached XP level 10. HP: 66/73 MP: 13/23
  2748 | D:7      | Found a shimmering blue altar of Sif Muna.
  2760 | D:7      | Reached skill level 9 in Spellcasting
  2794 | D:7      | Reached * piety under Vehumet
  2794 | D:7      | Offered knowledge of Freeze by Vehumet.
  2969 | D:7      | Found a basalt altar of Yredelemnul.
  2972 | D:7      | Found a shadowy altar of Dithmenos.
  2982 | D:7      | Found an opulent altar of Gozag.
  2983 | D:7      | Found a glowing golden altar of the Shining One.
  2985 | D:7      | Found a glowing silver altar of Zin.
  2986 | D:7      | Found a snail-covered altar of Cheibriados.
  2988 | D:7      | Found a white marble altar of Elyvilon.
  3205 | D:7      | Found a shimmering altar of Xom.
  3459 | D:8      | Reached skill level 5 in Poison Magic
  3461 | D:8      | Reached skill level 10 in Spellcasting
  3798 | D:8      | Reached skill level 11 in Spellcasting
  3820 | D:8      | Identified the +2 scale mail "Daneum" {Regen+}
  4040 | D:9      | Found a blossoming altar of Fedhas.
  4054 | D:9      | Reached XP level 11. HP: 79/79 MP: 19/27
  4060 | D:9      | Noticed a two-headed ogre
  4067 | D:9      | Killed a two-headed ogre
  4067 | D:9      | Offered knowledge of Magic Dart by Vehumet.
  4079 | D:9      | Found a transporter.
  4116 | D:9      | Noticed an ice statue
  4131 | D:9      | Noticed croobank's ghost (novice OpDe)
  4133 | D:9      | Noticed a centaur warrior
  4138 | D:9      | Noticed a centaur warrior
  4155 | D:9      | Found a transporter.
  4174 | D:9      | Killed a centaur warrior
  4175 | D:9      | Reached skill level 12 in Spellcasting
  4175 | D:9      | Reached skill level 10 in Fire Magic
  4176 | D:9      | Killed from afar by an ice statue

Illustrated notes

Levels and vault maps discovered:
D:1:      dpeg_arrival_water_temple_mockup, layout_basic,
          chequers_ecumenical_altar_twisty, minmay_misc_feat_alley
D:2:      layout_basic, kennysheep_minor_cross, kennysheep_generic_room_13
D:3:      layout_rooms
D:4:      layout_gridville, okawaru_altar_gauntlet_db, minmay_quantized,
          uniq_pikel
D:5:      layout_rooms, serial_shops, shop_statue
D:6:      minmay_angry_zag, layout_loops_corners, temple_statues,
          kb_lookout_dungeons_type
D:7:      layout_basic, nicolae_overflow_hallway_of_the_gods,
          nicolae_overflow_hidden_temple, hangedman_abyss_or_decor_passed
D:8:      layout_cave_pools, minmay_fire_ice_demons
D:9:      layout_layer_cave, mainiacjoe_overflow_paths, dancing_weapons_uskayaw,
          amcnicky_altar_gilded, nzn_ghost_randoct
Temple:   grunt_temple_mini_profane

Skill      XL: |  1  2  3  4  5  6  7  8  9 10 11 |
---------------+----------------------------------+-----
Spellcasting   | 3 4 5 6 8 11 12 | 12.0
Fire Magic     | 4 5 6 8 9 10 | 10.2
Conjurations   | 2 6 7 |  7.7
Fighting       | 1 2 |  2.1
Evocations     | 3 |  3.0
Dodging        | 3 4 |  4.7
Poison Magic   | 4 6 |  6.7
Stealth        | |  1.4

Action                   |  1- 3 |  4- 6 |  7- 9 | 10-12 || total
-------------------------+-------+-------+-------+-------++-------
Melee: Unarmed           |     6 |     8 |     8 |       ||    22
       Long sword        |       |       |       |    17 ||    17
       Punch             |       |       |       |     1 ||     1
 Cast: Foxfire           |    30 |    27 |    44 |    26 ||   127
       Scorch            |       |    10 |    53 |    22 ||    85
       Flame Wave        |       |     2 |     6 |    10 ||    18
       Olgreb's Toxic Ra |       |       |     1 |    10 ||    11
  Use: Scroll            |       |     2 |     6 |       ||     8
       Potion            |       |     2 |       |     1 ||     3
Armor: Robe              |     2 |     7 |    11 |    11 ||    31
Dodge: Dodged            |     9 |    19 |    20 |    28 ||    76
Block: Other             |       |       |     7 |    19 ||    26
       Reflection        |       |       |     2 |       ||     2
